cohdb
Replays
Latest Replays
All Replays
Popular Replays
Top Player Replays
Match Explorer
How It Works
Community
CoH3 Stats
Reddit
Sign in to upload your games and track your stats! →
Sign in with Steam
Match 42602987
Unlisted
Match 42602987
Overview
Messages
Build Orders
End
Construct Barracks
Selects Advanced Infantry Battlegroup
Riflemen Squad
Riflemen Squad
Grenade Package
Riflemen Squad
Selects Convert to Ranger Squad
Convert to Ranger Squad
Selects Frontline Medical Station
Frontline Medical Station
Convert to Ranger Squad
Mechanized Support Center
Convert to Ranger Squad
Construct Tank Depot
M4A1 Sherman Medium Tank
M4A1 76mm Conversion
Improvised Armor
Selects Artillery Observers
Selects Ranger Weapon Training
Engineer Squad
Selects M2A1 105mm Howitzer Emplacement
M4A1(76) Sherman Medium Tank
M4A1(76) Sherman Medium Tank
Selects Free Fire Drills
Selects 155mm Rapid Artillery Barrage
Frontline Medical Station
AI Takeover
Javusagisan
讨厌的BKB
goat_rodeo
بحر الحيتان
Triple T
Valar[M]orgHulis
Mr. Lonely
Maxibon
0
0
Comments
sign in to comment!
No comments posted yet!